 Dungeon Crawl Stone Soup version 0.27.1-2-g3b301248ec (webtiles) character file.

Game seed: 15770082092340689533

459 Cykl0x the Shield-Bearer (level 6, 0/53 HPs)
             Began as a Minotaur Fighter on Sept 29, 2021.
             Was a Follower of Zin.
             Succumbed to a killer bee's poison
             ... on level 4 of the Dungeon.
             The game lasted 00:06:02 (3223 turns).

Cykl0x the Shield-Bearer (Minotaur Fighter)         Turns: 3223, Time: 00:06:03

Health: 0/53       AC: 15    Str: 23    XL:     6   Next: 78%
Magic:  5/5        EV:  6    Int:  5    God:    Zin [*.....]
Gold:   151        SH: 11    Dex:  9    Spells: 5/5 levels left

rFire    . . .     SeeInvis .   a - +1 long sword
rCold    . . .     Faith    .   c - +1 kite shield
rNeg     . . .     Spirit   .   h - +0 chain mail
rPois    .         Reflect  .   (helmet restricted)
rElec    .         Harm     .   (no cloak)
rCorr    .         Rampage  .   q - +0 pair of gloves
Will     .....                  (no boots)
Stlth    ..........             p - amulet of regeneration
HPRegen  1.17/turn              e - +4 ring of protection
MPRegen  0.09/turn              (no ring)

@: mighty, lethally poisoned (0 -> -5), very slightly contaminated, hasted,
invisible, very quick
A: horns 2, retaliatory headbutt
a: Renounce Religion, Recite, Donate Gold


You were on level 4 of the Dungeon.
You worshipped Zin.
Zin was aware of your devotion.
You visited 1 branch of the dungeon, and saw 4 of its levels.

You collected 167 gold pieces.
You donated 16 gold pieces to Zin.

Inventory:

Hand Weapons
 a - a +1 long sword (weapon)
 m - a +0 dagger
Missiles
 f - 34 poisoned darts
 i - 59 stones (quivered)
Armour
 b - a +0 scale mail
 c - a +1 kite shield (worn)
 h - a +0 chain mail (worn)
 q - a +0 pair of gloves (worn)
Jewellery
 e - a +4 ring of protection (left hand)
 l - a ring of ice
 p - an amulet of regeneration (around neck)
Wands
 g - a wand of digging (5)
 r - a wand of mindburst (8)
Scrolls
 j - 2 scrolls of immolation
 s - a scroll of identify
Potions
 k - a potion of berserk rage


   Skills:
 + Level 4.6 Fighting
 + Level 4.4 Long Blades
 + Level 2.7 Throwing
 + Level 5.3 Armour
 + Level 1.1 Dodging
 + Level 5.5 Shields
 * Level 0.3 Invocations


You had 5 spell levels left.
You didn't know any spells.
Your spell library contained the following spells:

 Spells                   Type           Power      Damage    Failure   Level
 Magic Dart               Conj           0%         1d3       100%        1
 Summon Small Mammal      Summ           0%         N/A       100%        1
 Searing Ray              Conj           0%         3d3       100%        2
 Call Canine Familiar     Summ           0%         N/A       100%        3
 Summon Guardian Golem    Hex/Summ       0%         N/A       100%        3
 Fulminant Prism          Conj/Hex       0%         3d6       100%        4
 Summon Forest            Summ/Tloc      0%         N/A       100%        5
 Eringya's Noxious Bog    Tmut/Pois      0%         N/A       100%        6
 Summon Hydra             Summ           0%         N/A       100%        7


Dungeon Overview and Level Annotations

Branches:
Dungeon (4/15)
 Temple: D:4-7

Altars:
Ashenzari
Makhleb
Zin


Innate Abilities, Weirdness & Mutations

You have a pair of horns on your head.
You reflexively headbutt those who attack you in melee.


Message History

The killer bee stings you but does no damage.
You block the killer bee's attack.
The killer bee stings you but does no damage.
You feel very mighty all of a sudden.
You feel sick. The killer bee closely misses you.
You riposte.
You closely miss the killer bee.
The killer bee is almost dead.
The killer bee stings you.
You are more poisoned.
The killer bee poisons you!
You miss the killer bee.
The killer bee is almost dead.
You feel very sick.
The killer bee stings you but does no damage.
The killer bee barely misses you.
You completely miss the killer bee. Your headbutt misses the killer bee.
The killer bee is almost dead.
You feel very sick. You block the killer bee's attack.
The killer bee stings you.
* * * LOW HITPOINT WARNING * * *
You are more poisoned.
The killer bee poisons you! The killer bee stings you.
* * * LOW HITPOINT WARNING * * *
It was a potion of haste.
You feel yourself speed up.
* * * LOW HITPOINT WARNING * * *
You feel very sick. The killer bee completely misses you.
You riposte.
You closely miss the killer bee. Your headbutt misses the killer bee.
The killer bee is severely wounded.
You block the killer bee's attack.
It was a potion of invisibility.
You fade into invisibility!
* * * LOW HITPOINT WARNING * * *
You feel very sick. You block the killer bee's attack.
You are very lightly contaminated with residual magic.
You catch the helpless killer bee completely off-guard!
You slash the killer bee!
You kill the killer bee!
You die...

#... ......( #...
....... #... [.....
#... ....#########...
....#......#####
y...#......#....
####+#.y..#.###..#....
#....@#####'###..#....
#.....#..........'....
#.....#..........#....
#.....#..........#....
#.....#'##..####+#....
###'#....#..### ...##
#..#....#....# ....#
#..#....#....#.....#
#..#....#....#.....#


You could see 2 killer bees.

Vanquished Creatures
  A necrophage (D:4)
  The ghost of Jabberih the Insei, an amateur OpTm (D:3)
  2 killer bees (D:4)
  An orc priest (D:4)
  A gnoll shaman (D:4)
  Terence (D:2)
  A hound skeleton (D:4)
  3 gnolls (D:4)
  7 adders
  6 orcs
  7 bats
  3 endoplasms
  4 giant cockroaches
  5 goblins
  7 hobgoblins
  7 quokkas
  6 ball pythons
  2 frilled lizards
  6 kobolds
  3 rats
74 creatures vanquished.

Vanquished Creatures (others)
  5 toadstools (D:1)
5 creatures vanquished.

Grand Total: 79 creatures vanquished

Notes
Turn   | Place    | Note
-------+----------+-------------------------------------------
     0 | D:1      | Cykl0x the Minotaur Fighter began the quest for the Orb.
     0 | D:1      | Reached XP level 1. HP: 19/19 MP: 0/0
   228 | D:1      | Reached XP level 2. HP: 27/27 MP: 1/1
   911 | D:1      | Reached skill level 1 in Throwing
  1037 | D:2      | Reached XP level 3. HP: 24/33 MP: 2/2
  1133 | D:2      | Noticed Terence
  1144 | D:2      | Killed Terence
  1259 | D:2      | Reached XP level 4. HP: 39/40 MP: 3/3
  1441 | D:2      | Found a burning altar of Makhleb.
  2176 | D:3      | Found a large runed translucent door.
  2177 | D:3      | Found a large runed translucent door.
  2210 | D:3      | Noticed Jabberih's ghost (amateur OpTm)
  2237 | D:3      | Killed Jabberih's ghost
  2238 | D:3      | Reached XP level 5. HP: 38/46 MP: 4/4
  2661 | D:4      | Noticed a necrophage
  2701 | D:4      | Killed a necrophage
  2702 | D:4      | Reached skill level 5 in Shields
  2702 | D:4      | Reached XP level 6. HP: 53/53 MP: 5/5
  2763 | D:4      | Reached skill level 5 in Armour
  2830 | D:4      | Reached skill level 1 in Dodging
  3005 | D:4      | Found a broken altar of Ashenzari.
  3005 | D:4      | Found a glowing silver altar of Zin.
  3010 | D:4      | Became a worshipper of Zin the Law-Giver
  3010 | D:4      | Reached * piety under Zin
  3222 | D:4      | HP: 1/53 [poisoned by a killer bee]
  3223 | D:4      | Succumbed to a killer bee's poison

Illustrated notes

Levels and vault maps discovered:
D:1:      ldierk_walled_garden, layout_loops_ring
D:2:      layout_basic, basic_altar, uniq_terence
D:3:      layout_basic, ebering_ghost_disaster_area
D:4:      layout_gridville, gammafunk_temple_overflow_statue,
          hangedman_decor_lopped

Skill      XL: |  1  2  3  4  5  6 |
---------------+-------------------+-----
Fighting       | 4 |  4.6
Armour         | 4 5 |  5.3
Throwing       | 1 2 |  2.7
Shields        | 4 5 |  5.5
Long Blades    | 3 4 |  4.4
Dodging        | 1 |  1.1
Invocations    | |  0.3

Action                   |  1- 3 |  4- 6 || total
-------------------------+-------+-------++-------
Melee: Long sword        |    57 |   144 ||   201
       Headbutt          |     9 |    19 ||    28
Throw: Dart              |    33 |     6 ||    39
       Stone             |       |    48 ||    48
Evoke: Wand              |       |     1 ||     1
  Use: Scroll            |     2 |     7 ||     9
       Potion            |       |     3 ||     3
 Stab: Invisible         |       |     1 ||     1
Armor: Scale mail        |    18 |       ||    18
       Chain mail        |     3 |   113 ||   116
Dodge: Dodged            |    16 |    48 ||    64
Block: Kite shield       |    41 |   107 ||   148
       Rpst.: Long sword |     2 |    14 ||    16
